 Dungeon Crawl Stone Soup version 0.19.0-19-g8c6edcc (webtiles) character file.

8324 Krapule the Spear-Bearer (level 11, -12/95 HPs)
             Began as a Minotaur Skald on Nov 14, 2016.
             Was an Initiate of Gozag.
             Mangled by a komodo dragon (15 damage)
             ... on level 10 of the Dungeon.
             The game lasted 00:36:55 (9272 turns).

Krapule the Spear-Bearer (Minotaur Skald)           Turns: 9272, Time: 00:36:57

Health: -12/95     AC: 11    Str: 18    XL:     11   Next: 8%
Magic:  16/16      EV: 14    Int: 15    God:    Gozag
Gold:   1517       SH:  0    Dex:  9    Spells: 1 memorised, 17 levels left

rFire  + . .     SeeInvis .     a - +4 scythe of Disarray {slice, +Blink}
rCold  + . .     Gourm    .     u - +4 ring mail "Toclo" {rElec rF+ MR- Stlth+}
rNeg   + + .     Faith    .     (shield currently unavailable)
rPois  .         Spirit   .     (helmet restricted)
rElec  +         Reflect  .     (no cloak)
rCorr  .         Harm     .     (no gloves)
MR     .....                    (no boots)
Stlth  +.........               o - amulet of regeneration
                                r - ring of positive energy
                                A - ring "Hakut" {rC+ rN+ Int+3}

@: about to teleport, gold aura
A: retaliatory headbutt, horns 2
a: Potion Petition, Call Merchant, Bribe Branch, Renounce Religion, Evoke Blink


You were on level 10 of the Dungeon.
You worshipped Gozag.
Gozag was most pleased with you.
You were not hungry.

You visited 2 branches of the dungeon, and saw 11 of its levels.

You collected 2159 gold pieces.
You spent 595 gold pieces at shops.
You paid 47 gold pieces to Gozag.

Inventory:

Hand Weapons
 a - the +4 scythe of Disarray (weapon) {slice, +Blink}
   (You found it on level 9 of the Dungeon)

   It inflicts extra damage upon your enemies.
   It lets you blink.
 b - a +2 trident of freezing
Missiles
 q - a throwing net (quivered)
Armour
 p - a +0 leather armour of fire resistance
 u - the +4 ring mail "Toclo" (worn) {rElec rF+ MR- Stlth+}
   (You found it on level 5 of the Dungeon)

   It protects you from fire.
   It insulates you from electricity.
   It affects your resistance to hostile enchantments.
   It makes you more stealthy.
Jewellery
 h - an uncursed ring of magical power
 o - an amulet of regeneration (around neck)
 r - a ring of positive energy (right hand)
 A - the ring "Hakut" (left hand) {rC+ rN+ Int+3}
   (You bought it in a shop on level 4 of the Dungeon)

   [ring of protection from cold]

   It affects your intelligence (+3).
   It protects you from cold.
   It protects you from negative energy.
 B - an uncursed ring of protection from magic {unknown}
Wands
 w - a wand of flame (23/48)
 y - a wand of iceblast (3/15)
 z - a wand of teleportation (4/9)
 I - a wand of lightning (0/15)
Scrolls
 g - 5 scrolls of remove curse
 l - a scroll of fog
 n - 3 scrolls of magic mapping
 s - 3 scrolls of teleportation
 t - a scroll of noise {unknown}
 v - a scroll of enchant armour {unknown}
 D - a scroll of random uselessness {unknown}
 G - a scroll of recharging {unknown}
 J - 2 scrolls of fear {unknown}
 K - a scroll of acquirement {unknown}
Potions
 e - 2 potions of flight
 f - 5 potions of curing
 i - 3 potions of cancellation
 j - 4 potions of brilliance
 k - a potion of lignification
 m - 4 potions of heal wounds
 C - a potion of cure mutation {unknown}
 E - a potion of might
 F - a potion of degeneration {unknown}
Books
 c - a book of Battle

   Spells                             Type                      Level
   a - Infusion                       Charms                       1
   b - Shroud of Golubria             Charms/Translocation         2
   c - Song of Slaying                Charms                       2
   d - Spectral Weapon                Hexes/Charms                 3
   e - Regeneration                   Charms/Necromancy            3
 x - the Incunabulum of the Fetching Rocks
   (You found it on level 5 of the Dungeon)

   Spells                             Type                      Level
   a - Confusing Touch                Hexes                        1
   b - Corona                         Hexes                        1
   c - Fulminant Prism                Conjuration/Hexes            4
   d - Cause Fear                     Hexes                        4
   e - Statue Form                    Transmutation/Earth          6
Comestibles
 d - 3 bread rations
 H - 2 fruits
 L - a meat ration


   Skills:
 + Level 8.9 Fighting
 + Level 9.0 Polearms
 + Level 8.8 Armour
 + Level 7.8 Dodging
 + Level 4.4 Spellcasting
 + Level 5.5 Charms


You had 17 spell levels left.
You knew the following spells:

 Your Spells              Type           Power        Failure   Level  Hunger
a - Infusion              Chrm           ###.         2%          1    None


Dungeon Overview and Level Annotations

Branches:
Dungeon (10/15)            Temple (1/1) D:4
   Lair: D:8-11         Orc: D:9-12

Altars:
Ashenzari
Gozag
Hepliaklqana
Okawaru
Sif Muna
Zin

Shops:
D:4 =


Innate Abilities, Weirdness & Mutations

You reflexively headbutt those who attack you in melee.
You have a pair of horns on your head.


Message History

The killer bee is almost dead.
The killer bee barely misses you. The killer bee closely misses you.
The killer bee completely misses you. The killer bee stings you.
The komodo dragon bites you! The killer bee closely misses you.
The killer bee stings you!
* * * LOW HITPOINT WARNING * * *
You slash the killer bee!
You kill the killer bee!
The killer bee stings you but does no damage.
The killer bee completely misses you.
The killer bee stings you but does no damage.
The komodo dragon bites you!
* * * LOW HITPOINT WARNING * * *
The killer bee stings you!
* * * LOW HITPOINT WARNING * * *
The killer bee stings you but does no damage.
The big kobold is distracted by the nearby gold.
The komodo dragon bites you!
You die...
Your body crumbles into a pile of gold.

..... #......... ...
#......... ...
#......... #.#
##........
#.######........
##.#.............
#....##......<.(<
##.#####l#..............
#.WWKyy@y#..###.........
..K######9..# #.........
..#..###........
.####...##......# .# ##.
######## .. ..


You could see a komodo dragon, 2 wraiths, a gargoyle, a big kobold (unaware), 3
killer bees and a kobold.

Vanquished Creatures
  Josephine (D:10)
  Pikel (D:5)
  A kobold demonologist (D:9)
  A troll (D:6)
  Prince Ribbit (D:6)
  A hippogriff (D:9)
  Eustachio (D:6)
  12 yaks (D:9)
  A wraith (D:9)
  A steam dragon (D:8)
  A hungry ghost (D:9)
  2 vampire mosquitoes
  An orc warrior (D:7)
  A slave (D:6)
  2 sky beasts
  5 ogres
  4 centaurs
  11 big kobolds (D:9)
  A bullfrog (D:6)
  3 scorpions
  2 killer bees (D:10)
  A howler monkey (D:8)
  7 wights (D:9)
  4 crimson imps
  2 bullfrog zombies
  A quasit (D:4)
  6 orc priests
  A bullfrog skeleton (D:6)
  2 hounds
  A centaur skeleton (D:7)
  12 orc wizards
  5 worker ants
  3 iguanas
  A killer bee zombie (D:8)
  A hound zombie (D:7)
  3 hound skeletons
  3 gnolls (D:7)
  12 adders
  2 shadow imps (D:6)
  2 worms (D:2)
  2 dart slugs
  5 leopard geckos
  37 orcs
  2 ball pythons
  6 giant cockroaches
  7 hobgoblins
  7 jackals
  6 kobolds
  3 quokkas
  6 bats
  3 frilled lizards
  12 goblins
  A jackal skeleton (D:8)
  6 rats
226 creatures vanquished.

Vanquished Creatures (others)
  An orc (D:8)
1 creature vanquished.

Grand Total: 227 creatures vanquished

Notes
Turn   | Place    | Note
-------+----------+-------------------------------------------
     0 | D:1      | Krapule the Minotaur Skald began the quest for the Orb.
     0 | D:1      | Reached XP level 1. HP: 18/18 MP: 1/1
   105 | D:1      | Reached XP level 2. HP: 25/25 MP: 3/3
   601 | D:1      | Reached XP level 3. HP: 30/30 MP: 4/4
   613 | D:2      | Reached skill level 3 in Polearms
  1120 | D:2      | Reached XP level 4. HP: 30/38 MP: 5/5
  1913 | D:3      | Reached XP level 5. HP: 29/45 MP: 6/6
  2417 | D:4      | Found a staircase to the Ecumenical Temple.
  2431 | Temple   | Entered the Ecumenical Temple
  2436 | Temple   | Became a worshipper of Gozag Ym Sagoz the Greedy
  2724 | D:4      | Found Singeab's Jewellery Emporium.
  2843 | D:4      | Reached skill level 4 in Polearms
  3029 | D:4      | Reached XP level 6. HP: 32/52 MP: 8/8
  3724 | D:5      | Entered Level 5 of the Dungeon
  3906 | D:5      | Got a transparent ring mail
  3917 | D:5      | Identified the +4 ring mail "Toclo" {rElec rF+ MR- Stlth+} (You found it on level 5 of the Dungeon)
  3928 | D:5      | Noticed a sky beast
  3948 | D:5      | Killed a sky beast
  3948 | D:5      | Reached XP level 7. HP: 55/60 MP: 9/9
  4059 | D:5      | Identified the Incunabulum of the Fetching Rocks
  4193 | D:5      | Reached skill level 5 in Polearms
  4417 | D:5      | Reached skill level 5 in Fighting
  4816 | D:6      | Reached XP level 8. HP: 68/69 MP: 10/10
  4858 | D:6      | Noticed Prince Ribbit
  4887 | D:5      | Reached skill level 5 in Armour
  5023 | D:6      | Noticed Pikel
  5024 | D:6      | Noticed Eustachio
  5275 | D:4      | Bought the ring "Hakut" {rC+ rN+ Int+3} for 595 gold pieces
  5552 | D:7      | Reached skill level 6 in Polearms
  5607 | D:6      | Reached skill level 5 in Dodging
  5659 | D:6      | Noticed a troll
  6192 | D:6      | Killed Prince Ribbit
  6192 | D:6      | Reached XP level 9. HP: 74/78 MP: 5/11
  6285 | D:5      | Killed Pikel
  6285 | D:5      | Reached skill level 7 in Polearms
  6347 | D:6      | Killed Eustachio
  6731 | D:6      | Killed a troll
  7710 | D:8      | Reached XP level 10. HP: 86/88 MP: 13/13
  8078 | D:9      | Got an ancient scythe
  8079 | D:9      | Identified the +4 scythe of Disarray {slice, +Blink} (You found it on level 9 of the Dungeon)
  8179 | D:9      | Reached skill level 8 in Polearms
  8353 | D:9      | Reached skill level 5 in Charms
  8936 | D:10     | Entered Level 10 of the Dungeon
  9259 | D:10     | Noticed Josephine
  9268 | D:10     | Noticed a gargoyle
  9269 | D:10     | Killed Josephine
  9269 | D:10     | Reached skill level 9 in Polearms
  9269 | D:10     | Reached XP level 11. HP: 62/95 MP: 16/16
  9272 | D:10     | HP: 3/95 [killer bee (7)]
  9272 | D:10     | Mangled by a komodo dragon

Skill      XL: |  1  2  3  4  5  6  7  8  9 10 |
---------------+-------------------------------+-----
Polearms       | 3 4 5 6 7 9 |  9.0
Fighting       | 3 4 5 6 7 8 |  8.9
Armour         | 2 3 4 6 7 8 |  8.8
Dodging        | 2 3 4 5 6 7 |  7.8
Spellcasting   | 2 3 4 |  4.4
Charms         | 3 4 5 |  5.5

Action                   |  1- 3 |  4- 6 |  7- 9 | 10-12 || total
-------------------------+-------+-------+-------+-------++-------
Melee: Spear             |    95 |   282 |   502 |       ||   879
       Headbutt          |    10 |    31 |    78 |    23 ||   142
       Halberd           |       |       |    84 |    11 ||    95
       Scythe            |       |       |       |   143 ||   143
       Trident           |       |       |       |    25 ||    25
 Cast: Infusion          |       |     5 |    19 |       ||    24
Evoke: Wand              |       |       |       |     6 ||     6
  Use: Scroll            |       |     1 |     8 |     3 ||    12
       Potion            |       |       |     5 |       ||     5
 Stab: Sleeping          |       |       |     1 |       ||     1
       Distracted        |       |       |       |     1 ||     1
  Eat: Chunk             |     1 |     3 |       |       ||     4
       Meat ration       |       |     1 |     1 |       ||     2
       Beef jerky        |       |       |     1 |     1 ||     2
       Pizza             |       |       |     2 |       ||     2
       Bread ration      |       |       |     1 |       ||     1
       Fruit             |       |       |       |     5 ||     5
Armor: Leather armour    |    14 |    41 |       |       ||    55
       Ring mail         |       |     9 |   142 |    81 ||   232
       Skin              |       |       |    16 |       ||    16
Dodge: Dodged            |    35 |   135 |   248 |   161 ||   579
